 Dungeon Crawl Stone Soup version 0.31.0-1-g2c135a008e (webtiles) character file.

Game seed: 10399253146927717047

9 qw the Shooter (level 2, -1/23 HPs)
             Began as a Djinni Hunter on Jan 23, 2024.
             Slain by a gnoll
             ... wielding a +0 whip
              (4 damage)
             ... on level 1 of the Dungeon.
             The game lasted 00:00:00 (159 turns).

qw the Shooter (Djinni Hunter)                       Turns: 159, Time: 00:00:00

Health: -1/23      AC:  3    Str: 10    XL:     2   Next: 25%
Gold:   36         EV: 12    Int: 10    God:
                   SH:  0    Dex: 16

rFire   + + .        a - +0 shortbow
rCold   x . .        (shield currently unavailable)
rNeg    . . .        c - +0 leather armour
rPois   inf          (no helmet)
rElec   .            (no cloak)
rCorr   .            (no gloves)
SInv    .            (boots unavailable)
Will    .....        (no amulet)
Stlth   +            (no ring)
HPRegen 0.23/turn    (no ring)
MPRegen 0.00/turn

%: infuse magic (-2 HP)
@: flying
A: sickness immunity, fire resistance 2, cold vulnerability 1, float, innate
caster, HP casting, extra vitality 1
a: no special abilities


You were on level 1 of the Dungeon.
You visited 1 branch of the dungeon, and saw 1 of its levels.

You collected 36 gold pieces.


Innate Abilities, Weirdness & Mutations

You are immune to sickness and miasma.
You are immune to poison.
Your flesh is very heat resistant. (rF++)
You are vulnerable to cold. (rC-)
You float through the air rather than walking.
You learn spells naturally, not from books.
Your magical power is your life essence.
You have superior vitality. (+4 MHP)


   Skills:
 - Level 2.0 Fighting
 + Level 3.7 Ranged Weapons
 - Level 2.1 Dodging
 - Level 0.7 Stealth You didn't know any spells. Your spell library was empty.

Inventory:

Hand Weapons
 a - a +0 shortbow (weapon)
Armour
 c - a +0 leather armour (worn)
 e - a +0 ring mail
Scrolls
 b - a scroll of butterflies
Potions
 d - 2 potions of degeneration {unknown}
 f - a potion of curing {unknown}

Dungeon Overview and Level Annotations

Branches:
Dungeon (1/15)

Altars:


Message History

e - a +0 ring mail
d - 2 glowing yellow potions (gained 1)
Found 4 stones.
A hobgoblin comes into view.
The hobgoblin shouts!
You shoot an arrow.
The arrow hits the hobgoblin but does no damage.
You shoot an arrow. The arrow closely misses the hobgoblin.
You shoot an arrow. The arrow hits the hobgoblin.
You kill the hobgoblin!
You see here a hobgoblin corpse.
Found a faded altar of an unknown god.
f - a fizzy green potion A bat, a quokka and a gnoll come into view.
The gnoll shouts!
You shoot an arrow. The arrow hits the gnoll.
The gnoll is lightly wounded.
The gnoll misses you.
You shoot an arrow. The arrow hits the gnoll.
The gnoll is moderately wounded.
The bat barely misses you.
A quokka comes into view.
The gnoll hits you with a +0 whip. x2
Enter note:
Enter note:
155 ||| RETREEEEATING.
The bat closely misses you.
You shoot an arrow. The arrow closely misses the bat.
The arrow completely misses the gnoll.
The bat hits you.
You shoot an arrow. The arrow barely misses the gnoll.
The gnoll hits you with a +0 whip.
You shoot an arrow. The arrow completely misses the gnoll.
The arrow hits the bat.
The bat is heavily wounded.
The gnoll hits you with a +0 whip.
You shoot an arrow. The arrow hits the gnoll.
The gnoll is severely wounded.
The gnoll hits you with a +0 whip.
You die...

.)........#
##..###
....%...).#
#########.....#
#.#######.#
#...........#.#
#.# #.#
#.#######.........
#.# #.# #.#
#.#.#(#### .## #.#
#.# #.....# # #.#
#.# ###....# #.#
#.# #.....# #.#
#@# ..7.7.# #.#
#g# ..._..#
#.######br..#
#.....###.....r.
#####.###.#.#.##
#..........#
######.###.#.#.#
#..............#
#.####.###.#.#.#


You could see a gnoll, a quokka and a bat.

Vanquished Creatures
  A goblin (D:1)
  2 hobgoblins (D:1)
  3 jackals (D:1)
  A ball python (D:1)
  A frilled lizard (D:1)
8 creatures vanquished.

Notes
Turn   | Place    | Note
-------+----------+-------------------------------------------
     0 | D:1      | qw the Djinni Hunter began the quest for the Orb.
     0 | D:1      | Reached XP level 1. HP: 18/18 MP: 0/0
     0 | D:1      | 0 ||| qw: Version: 0.3-a-136-gdd3b4e8
     0 | D:1      | 0 ||| qw: Game counter: 975
     0 | D:1      | 0 ||| qw: Melee chars always use a shield: true
     0 | D:1      | 0 ||| qw: God list: Okawaru
     0 | D:1      | 0 ||| qw: Allow faded altars: false
     0 | D:1      | 0 ||| qw: Do Orc after clearing Dungeon:15 true
     0 | D:1      | 0 ||| qw: Do second Lair branch before Depths: true
     0 | D:1      | 0 ||| qw: Lair rune preference: random
     0 | D:1      | 0 ||| qw: Goals: Normal
     0 | D:1      | 0 ||| PLANNING D:1-11
    67 | D:1      | Reached XP level 2. HP: 23/23 MP: 0/0
   134 | D:1      | Found a faded altar of an unknown god.
   155 | D:1      | 155 ||| RETREEEEATING.
   158 | D:1      | HP: 3/23 [gnoll/+0 whip (6)]
   159 | D:1      | Slain by a gnoll

Levels and vault maps discovered:
D:1:      ebering_trefoil_3fold, layout_loops_ring,
          chequers_ecumenical_altar_simple

Action                     || total
---------------------------++-------
   Fire: Shortbow          ||    31
 Armour: Leather armour    ||     7
  Dodge: Dodged            ||     8

Table legend:
 A = Non-vault XP
 B = Vault XP
 C = Vault XP percentage of total XP
 D = Non-vault monster count
 E = Vault monster count
 F = Vault count percentage of total count
                 A         B        C        D         E       F
            +---------+---------+-------+---------+---------+-------
      Total |      14 |       0 |   0.0 |       8 |       0 |   0.0
            +---------+---------+-------+---------+---------+-------
        D:1 |      14 |       0 |   0.0 |       8 |       0 |   0.0
            +---------+---------+-------+---------+---------+-------
